 Dungeon Crawl Stone Soup version 0.21-a0-338-g36cf2fc (webtiles) character file.

18472 Amnesiac the Geomancer (level 12, 0/90 (91) HPs)
             Began as a Gnoll Earth Elementalist on Oct 3, 2017.
             Was a Believer of Ashenzari.
             Slain by a fire dragon (7 damage)
             ... on level 12 of the Dungeon.
             The game lasted 00:33:12 (12277 turns).

Amnesiac the Geomancer (Gnoll Earth Elementalist)  Turns: 12277, Time: 00:33:13

HP:   0/90 (91)     AC:  4    Str: 11    XL:     12   Next: 58%
MP:   12/24         EV: 18    Int: 21    God:    Ashenzari [**....]
Gold: 431           SH:  0    Dex: 17    Spells: 12/28 levels left

rFire    . . .     SeeInvis .   a - +1 dagger (venom)
rCold    + . .     Gourm    .   (no shield)
rNeg     . . .     Faith    .   A - +2 robe {Archmagi}
rPois    .         Spirit   .   (no helmet)
rElec    .         Reflect  .   (no cloak)
rCorr    .         Harm     .   (no gloves)
MR       .....                  (no boots)
Stlth    ++++......             I - amulet of rage (curse)
HPRegen  0.25/turn              m - ring of protection from cold (curse)
MPRegen  0.19/turn              W - ring of flight

@: no status effects
A: distributed training, fangs 1, strong nose
a: Curse Item, Scrying, Renounce Religion, Evoke Berserk Rage, Evoke Flight


You were on level 12 of the Dungeon.
You worshipped Ashenzari.
Ashenzari was pleased with you.
You were not hungry.

You visited 2 branches of the dungeon, and saw 13 of its levels.
You also visited: Ossuary.

You collected 663 gold pieces.
You spent 232 gold pieces at shops.

Inventory:

Hand Weapons
 a - a +1 dagger of venom (weapon)
 g - a +0 blowgun
 F - a +2 rapier of electrocution
Missiles
 h - 99 poisoned needles
 w - 3 throwing nets
 Z - 152 stones (quivered)
Armour
 A - a +2 robe of the Archmagi (worn)
 B - the +18 shield of the Gong {rElec rN+ MR+ EV-5}
   (You found it on level 4 of the Dungeon)

   It affects your evasion (-5).
   It insulates you from electricity.
   It protects you from negative energy.
   It affects your resistance to hostile enchantments.
Magical Staves
 b - an uncursed staff of earth
Jewellery
 m - a cursed ring of protection from cold (left hand)
 I - a cursed amulet of rage (around neck)
 N - an uncursed ring of ice
 W - a ring of flight (right hand)
 Y - an uncursed ring of ice
Wands
 z - a wand of iceblast (6/15)
 D - a wand of digging (15/24)
 R - a wand of lightning (6/15)
 S - a wand of enslavement (16/24)
 U - a wand of lightning (4/15)
 V - a wand of digging (9/24)
Scrolls
 c - 2 scrolls of immolation {!r}
 e - a scroll of amnesia {!r, unknown}
 k - 3 scrolls of enchant weapon {!r}
 o - 7 scrolls of teleportation {!r}
 p - a scroll of blinking {!r}
 r - 3 scrolls of magic mapping {!r}
 s - a scroll of fog {!r}
 x - a scroll of recharging {!r}
 y - 3 scrolls of fear {!r}
 M - 2 scrolls of vulnerability {!r}
 Q - 3 scrolls of remove curse {!r}
Potions
 i - 5 potions of might {!q, unknown}
 j - 3 potions of degeneration {!q, unknown}
 l - 6 potions of curing {!q}
 q - 4 potions of flight {!q, unknown}
 t - 8 potions of mutation {!q}
 u - 6 potions of heal wounds {!q, unknown}
 v - 3 potions of cancellation {!q, unknown}
 C - a potion of haste {!q, unknown}
 E - 4 potions of berserk rage {!q, unknown}
 G - a potion of ambrosia {!q, unknown}
 H - 2 potions of lignification {!q, unknown}
 J - 3 potions of brilliance {!q, unknown}
 K - a potion of agility {!q, unknown}
 L - 2 potions of invisibility {!q, unknown}
 P - a potion of magic {!q}
Books
 T - a book of the Tempests

   Spells                             Type                      Level
   a - Static Discharge               Conjuration/Air              3
   b - Lightning Bolt                 Conjuration/Air              5
   c - Ignition                       Fire                         8
   d - Tornado                        Air                          9
   e - Shatter                        Earth                        9
Comestibles
 d - 12 bread rations
 f - 10 meat rations
 O - 3 royal jellies
 X - 5 chunks of flesh


   Skills:
 + Level 7.3 Fighting
 + Level 7.3 Short Blades
 + Level 7.3 Long Blades
 + Level 7.3 Axes
 + Level 7.3 Maces & Flails
 + Level 7.3 Polearms
 + Level 7.3 Staves
 + Level 7.3 Slings
 + Level 7.3 Bows
 + Level 7.3 Crossbows
 + Level 7.3 Throwing
 + Level 7.3 Armour
 + Level 8.7 Dodging
 + Level 8.5 Stealth
   Level 0.0 Stabbing
 + Level 7.3 Shields
   Level 0.0 Traps
 + Level 7.3 Unarmed Combat
 + Level 8.9 Spellcasting
 + Level 7.3(8.8) Conjurations
 + Level 7.3(8.8) Hexes
 + Level 7.3(8.8) Charms
 + Level 7.3(8.8) Summonings
 + Level 7.3(8.8) Necromancy
 + Level 7.3(8.8) Translocations
 + Level 7.8(9.3) Transmutations
 + Level 7.3(8.8) Fire Magic
 + Level 7.3(8.8) Ice Magic
 + Level 7.3(8.8) Air Magic
 + Level 9.8(11.2) Earth Magic
 + Level 7.3(8.8) Poison Magic
 + Level 7.3 Invocations
 + Level 7.3(8.8) Evocations


You had 12 spell levels left.
You knew the following spells:

 Your Spells              Type           Power        Failure   Level  Hunger
a - Sandblast             Erth           ######       1%          1    None
b - Passwall              Tmut/Erth      ######....   1%          2    None
c - Airstrike             Air            ######....   1%          4    ###....
d - Lee's Rapid Deconstr  Erth           ######....   1%          5    #####..
e - Petrify               Tmut/Erth      ######..     1%          4    ###....


Dungeon Overview and Level Annotations

Branches:
Dungeon (12/15)            Temple (1/1) D:5            Lair (0/6) D:8
    Orc: D:9-12

Altars:
Ashenzari
Cheibriados
Dithmenos
Elyvilon
Fedhas
Gozag
Hepliaklqana
Kikubaaqudgha
Makhleb
Nemelex Xobeh
Okawaru
Qazlal
Ru
Sif Muna
Trog
Uskayaw
Vehumet
Wu Jian
Xom
Yredelemnul
Zin
The Shining One
Jiyva

Shops:
D:4 !   D:7 (   D:9 *   D:10 *


Innate Abilities, Weirdness & Mutations

Your experience applies equally to all skills.
You have very sharp teeth.
Your uncanny sense of smell can sniff out nearby items.


Message History

You drop a wand of flame (?/48).
Drop what? 51/52 slots (_ for help) (? for menu, Esc to quit)
Okay, then.
There is a stone staircase leading up, spattered with blood here.
Z - 152 stones (gained 2)
You now have 431 gold pieces (gained 11).
You found a teleport trap!
You sense a monster nearby.
A fire dragon comes into view.
Casting: Petrify
Confirm with . or Enter, or press ? or * to list all spells.
Which direction?
You feel a surge of power!
You begin to meditate on the wall.
You continue meditating on the rock. x2
You finish merging with the rock. 2 centaurs come into view.
The helpless fire dragon fails to defend itself.
You stick the fire dragon like a pincushion!!!
The fire dragon is severely wounded.
The fire dragon breathes flames at you. The blast of flame hits you!
The centaur shouts! x2; You hear a shout!
You hear an angry growl.
You see here a wand of confusion (?/48).
Casting: Passwall
Confirm with . or Enter, or press ? or * to list all spells.
Aiming: Petrify
Press: ? - help, Shift-Dir - straight line, f - fire dragon
Aim: a fire dragon (severely wounded, catching its breath, chance to defeat MR: 47%)
You feel a surge of power!
The fire dragon resists with some effort.
The fire dragon completely misses you. The fire dragon claws you!
The fire dragon barely misses you.
Unknown command.
Casting: Petrify
Confirm with . or Enter, or press ? or * to list all spells.
Aiming: Petrify
Press: ? - help, Shift-Dir - straight line, f/p - fire dragon
Aim: a fire dragon (severely wounded, catching its breath, chance to defeat MR: 47%)
You feel a surge of power!
The fire dragon resists with some effort.
The fire dragon breathes flames at you. The blast of flame hits you!
* * * LOW HITPOINT WARNING * * *
You hear a bark!
Unknown command.
Casting: Petrify
Confirm with . or Enter, or press ? or * to list all spells.
Aiming: Petrify
Press: ? - help, Shift-Dir - straight line, f/p - fire dragon
Aim: a fire dragon (severely wounded, catching its breath, chance to defeat MR: 47%)
You feel a surge of power!
The fire dragon resists with some effort.
The fire dragon bites you!
* * * LOW HITPOINT WARNING * * *
The fire dragon closely misses you. The fire dragon completely misses you.
Unknown command.
Okay, then.
Really read
y - 4 scrolls of fear {!r}?
As you read the scroll of fear {!r}, it crumbles to dust.
You assume a fearsome visage.
The fire dragon easily resists.
The centaur looks frightened!
The fire dragon bites you!
* * * LOW HITPOINT WARNING * * *
The fire dragon claws you!
You die...

*
###∆##∆
* #c##.#
,* #./{#
#D##c#*
##@#*#..
* #..#
*.##,*
#.##∆, c
#.# *##
##.#
#.^#
#.## #.#
#.#


You could see a fire dragon and a centaur (fleeing).

Vanquished Creatures
  Fannar (D:10)
  A hydra (D:11)
  2 two-headed ogres
  An iron troll (D:11)
  Pikel (D:3)
  3 deep trolls (D:11)
  An ugly thing (D:11)
  A cyclops (D:12)
  An ice statue (D:10)
  A merfolk (D:11)
  8 trolls
  2 hippogriffs
  Sigmund (D:4)
  A wyvern (D:12)
  15 yaks
  4 hungry ghosts
  Edmund (D:4)
  4 orc warriors
  8 ice beasts
  3 slaves (D:4)
  A hornet zombie (D:8)
  4 sky beasts
  A black bear (D:8)
  A phantom (D:10)
  8 ogres
  2 necrophages
  The ghost of p0werm0de the Conjurer, an amateur DsFE of Cheibriados (D:4)
  7 centaurs
  2 big kobolds
  Blork the orc (D:6)
  A wyvern zombie (D:9)
  8 bullfrogs
  A wyvern skeleton (D:8)
  2 scorpions
  9 killer bees (D:8)
  5 wights (D:10)
  6 electric eels
  5 crimson imps
  A bullfrog zombie (D:5)
  6 hounds
  8 jellies (D:1)
  4 orc priests
  A bullfrog skeleton (D:12)
  4 iguanas
  9 orc wizards
  9 worker ants
  13 mummies (Ossuary)
  3 gnolls (D:3)
  A howler monkey skeleton (D:5)
  10 adders
  6 shadow imps
  7 oozes
  An adder zombie (D:7)
  An adder skeleton (D:4)
  3 worms
  4 dart slugs
  7 leopard geckos
  28 orcs
  A ball python (D:4)
  6 bats
  5 giant cockroaches
  10 goblins
  A hobgoblin (D:2)
  10 jackals
  2 quokkas
  5 frilled lizards
  4 gnoll skeletons (Ossuary)
  A goblin skeleton (Ossuary)
  A jackal zombie (D:9)
  21 kobolds
  2 kobold skeletons (Ossuary)
  An orc skeleton (Ossuary)
  8 rats
  11 rat skeletons (Ossuary)
340 creatures vanquished.

Vanquished Creatures (others)
  A slave (D:4)
1 creature vanquished.

Grand Total: 341 creatures vanquished

Notes
Turn   | Place    | Note
-------+----------+-------------------------------------------
     0 | D:1      | Amnesiac the Gnoll Earth Elementalist began the quest for the Orb.
     0 | D:1      | Reached XP level 1. HP: 13/13 MP: 6/6
    30 | D:1      | Reached XP level 2. HP: 11/19 MP: 4/7
    49 | D:1      | Learned a level 2 spell: Passwall
   604 | D:1      | Reached XP level 3. HP: 23/25 MP: 9/9
   692 | D:1      | Found a viscous altar of Jiyva.
   694 | D:1      | Reached skill level 5 in Spellcasting
  1243 | D:2      | Reached skill level 1 in Fighting
  1243 | D:2      | Reached skill level 1 in Short Blades
  1243 | D:2      | Reached skill level 1 in Long Blades
  1243 | D:2      | Reached skill level 1 in Axes
  1243 | D:2      | Reached skill level 1 in Maces & Flails
  1243 | D:2      | Reached skill level 1 in Polearms
  1243 | D:2      | Reached skill level 1 in Staves
  1243 | D:2      | Reached skill level 1 in Slings
  1243 | D:2      | Reached skill level 1 in Bows
  1243 | D:2      | Reached skill level 1 in Crossbows
  1243 | D:2      | Reached skill level 1 in Throwing
  1243 | D:2      | Reached skill level 1 in Armour
  1243 | D:2      | Reached skill level 1 in Shields
  1243 | D:2      | Reached skill level 1 in Unarmed Combat
  1243 | D:2      | Reached skill level 1 in Conjurations
  1243 | D:2      | Reached skill level 1 in Hexes
  1243 | D:2      | Reached skill level 1 in Charms
  1243 | D:2      | Reached skill level 1 in Summonings
  1243 | D:2      | Reached skill level 1 in Necromancy
  1243 | D:2      | Reached skill level 1 in Translocations
  1243 | D:2      | Reached skill level 1 in Fire Magic
  1243 | D:2      | Reached skill level 1 in Ice Magic
  1243 | D:2      | Reached skill level 1 in Air Magic
  1243 | D:2      | Reached skill level 1 in Poison Magic
  1243 | D:2      | Reached skill level 1 in Invocations
  1243 | D:2      | Reached skill level 1 in Evocations
  1243 | D:2      | Reached XP level 4. HP: 24/32 MP: 8/11
  1499 | D:3      | Learned a level 4 spell: Petrify
  1558 | D:3      | Noticed an ice beast
  1631 | D:3      | Killed an ice beast
  1631 | D:3      | Reached XP level 5. HP: 20/37 MP: 4/12
  1638 | D:3      | Learned a level 5 spell: Lee's Rapid Deconstruction
  1766 | D:3      | Found a faded altar of an unknown god.
  1926 | D:3      | HP: 1/37 [poisoned by an adder]
  2597 | D:3      | Found a shadowy altar of Dithmenos.
  2627 | D:3      | Reached XP level 6. HP: 44/44 MP: 9/13
  2788 | D:4      | Found the +18 shield of the Gong {rElec rN+ MR+ EV-5}
  2833 | D:4      | Noticed a slave
  2838 | D:4      | Noticed Pikel
  2842 | D:4      | Noticed a slave
  2844 | D:4      | Noticed a slave
  2846 | D:4      | Killed a slave
  2953 | D:3      | Killed Pikel
  2953 | D:3      | Reached skill level 5 in Dodging
  2953 | D:3      | Reached skill level 5 in Stealth
  2953 | D:3      | Reached skill level 7 in Earth Magic
  2953 | D:3      | Reached XP level 7. HP: 42/51 MP: 1/15
  3043 | D:4      | Noticed Edmund
  3077 | D:4      | Killed Edmund
  3077 | D:4      | Reached XP level 8. HP: 45/57 MP: 1/16
  3296 | D:4      | Noticed Sigmund
  3320 | D:4      | Killed Sigmund
  3429 | D:4      | Got a bloodstained plate armour
  3435 | D:4      | Found Qijerar's Distillery.
  3654 | D:4      | Noticed p0werm0de's ghost (amateur DsFE)
  3657 | D:4      | Killed p0werm0de's ghost
  4147 | D:5      | Entered Level 5 of the Dungeon
  4287 | D:5      | Found a sand-covered staircase.
  4292 | D:5      | Reached XP level 9. HP: 65/65 MP: 11/18
  4314 | Ossuary  | Entered an ossuary
  4806 | D:5      | Found a staircase to the Ecumenical Temple.
  4815 | Temple   | Entered the Ecumenical Temple
  5005 | Temple   | Became a worshipper of Ashenzari the Shackled
  5120 | D:5      | Found a white marble altar of Elyvilon.
  5300 | D:5      | Found a snail-covered altar of Cheibriados.
  5563 | D:6      | Noticed Blork the orc
  5564 | D:6      | Killed Blork the orc
  5916 | D:6      | Reached skill level 5 in Transmutations
  6091 | D:6      | Reached skill level 8 in Earth Magic
  6491 | D:7      | Reached XP level 10. HP: 61/73 MP: 2/20
  6532 | D:7      | Found Taprab's Weapon Boutique.
  6595 | D:7      | Noticed a two-headed ogre
  6605 | D:7      | Killed a two-headed ogre
  6605 | D:7      | Reached skill level 5 in Fighting
  6605 | D:7      | Reached skill level 5 in Short Blades
  6605 | D:7      | Reached skill level 5 in Long Blades
  6605 | D:7      | Reached skill level 5 in Axes
  6605 | D:7      | Reached skill level 5 in Maces & Flails
  6605 | D:7      | Reached skill level 5 in Polearms
  6605 | D:7      | Reached skill level 5 in Staves
  6605 | D:7      | Reached skill level 5 in Slings
  6605 | D:7      | Reached skill level 5 in Bows
  6605 | D:7      | Reached skill level 5 in Crossbows
  6605 | D:7      | Reached skill level 5 in Throwing
  6605 | D:7      | Reached skill level 5 in Armour
  6605 | D:7      | Reached skill level 5 in Shields
  6605 | D:7      | Reached skill level 5 in Unarmed Combat
  6605 | D:7      | Reached skill level 5 in Conjurations
  6605 | D:7      | Reached skill level 5 in Hexes
  6605 | D:7      | Reached skill level 5 in Charms
  6605 | D:7      | Reached skill level 5 in Summonings
  6605 | D:7      | Reached skill level 5 in Necromancy
  6605 | D:7      | Reached skill level 5 in Translocations
  6605 | D:7      | Reached skill level 5 in Fire Magic
  6605 | D:7      | Reached skill level 5 in Ice Magic
  6605 | D:7      | Reached skill level 5 in Air Magic
  6605 | D:7      | Reached skill level 5 in Poison Magic
  6605 | D:7      | Reached skill level 5 in Invocations
  6605 | D:7      | Reached skill level 5 in Evocations
  6698 | D:7      | Reached * piety under Ashenzari
  7578 | D:8      | Noticed a two-headed ogre
  7593 | D:8      | Killed a two-headed ogre
  7707 | D:8      | Reached XP level 11. HP: 81/81 MP: 14/22
  7712 | D:8      | Found a staircase to the Lair.
  8011 | D:9      | Found Voudgh's Assorted Antiques.
  8014 | D:9      | Bought a scroll labeled LIUSED VOE for 31 gold pieces
  8014 | D:9      | Bought a bubbling yellow potion for 27 gold pieces
  8014 | D:9      | Bought a scroll labeled YTUOGE BOTOCVU for 31 gold pieces
  8014 | D:9      | Bought 2 fuming cyan potions for 55 gold pieces
  8066 | D:9      | Found a shimmering altar of Xom.
  8449 | D:9      | Reached skill level 9 in Earth Magic
  8947 | D:10     | Entered Level 10 of the Dungeon
  9334 | D:10     | Reached ** piety under Ashenzari
  9452 | D:10     | Found Weroof's General Store.
  9456 | D:10     | Bought a scroll of remove curse for 33 gold pieces
  9456 | D:10     | Bought a scroll of remove curse for 33 gold pieces
  9456 | D:10     | Bought a scroll of identify for 22 gold pieces
  9510 | D:10     | Noticed Fannar
  9540 | D:10     | Killed Fannar
  9978 | D:10     | Got the cursed hand axe of Change {antimagic, rElec MP+9 Int+3}
 10141 | D:11     | Noticed a six-headed hydra
 10158 | D:11     | Killed a six-headed hydra
 10291 | D:11     | Noticed a deep troll
 10468 | D:11     | Noticed an iron troll
 10472 | D:11     | Noticed a deep troll
 10511 | D:11     | Killed a deep troll
 10528 | D:11     | Learned a level 4 spell: Airstrike
 10547 | D:11     | Killed a deep troll
 10547 | D:11     | Reached XP level 12. HP: 62/89 MP: 6/24
 10882 | D:11     | Killed an iron troll
 12265 | D:12     | Noticed a fire dragon
 12277 | D:12     | Slain by a fire dragon

Vault maps used:
D:1:      erik_arrival_cave_to_civilisation
D:2:      minmay_kobold_bridge, first_bread
D:3:      chequers_ecumenical_altar_simple, nicolae_dithmenos_shadow_blocks
D:4:      serial_shops, shop, uniq_pikel, uniq_edmund, uniq_sigmund
D:5:      minmay_temple_entry_statues_fountains, basic_altar,
          lightli_ossuary_entry_decrepit_ruins, minmay_misc_feat_room,
          elyvilon_altar_3
D:6:      minmay_curled_crystal, uniq_blork_the_orc
D:7:      nicolae_whirlpool, serial_shops, kennysheep_mini
D:8:      lair_entry_dummy
D:9:      nicolae_overflow_crystal_walls, serial_shops, nicolae_shop_crystal
D:10:     statuecave_lemuel, serial_shops, shop, uniq_fannar
D:11:     lemuel_troll_bridge, hangedman_fish_farm
D:12:     minmay_cornered_nines, orc_0_dummy, minmay_misc_feat_enclosed
Temple:   minmay_crystal_snake_temple
Ossuary:  ossuary_due_small_catacomb

Skill      XL: |  1  2  3  4  5  6  7  8  9 10 11 12 |
---------------+-------------------------------------+-----
Spellcasting   | 5 6 7 8 |  8.9
Fighting       | 1 2 3 4 5 6 7 |  7.3
Short Blades   | 1 2 3 4 5 6 7 |  7.3
Long Blades    | 1 2 3 4 5 6 7 |  7.3
Axes           | 1 2 3 4 5 6 7 |  7.3
Maces & Flails | 1 2 3 4 5 6 7 |  7.3
Polearms       | 1 2 3 4 5 6 7 |  7.3
Staves         | 1 2 3 4 5 6 7 |  7.3
Slings         | 1 2 3 4 5 6 7 |  7.3
Bows           | 1 2 3 4 5 6 7 |  7.3
Crossbows      | 1 2 3 4 5 6 7 |  7.3
Throwing       | 1 2 3 4 5 6 7 |  7.3
Armour         | 1 2 3 4 5 6 7 |  7.3
Shields        | 1 2 3 4 5 6 7 |  7.3
Unarmed Combat | 1 2 3 4 5 6 7 |  7.3
Conjurations   | 1 2 3 4 5 6 7 |  7.3
Hexes          | 1 2 3 4 5 6 7 |  7.3
Charms         | 1 2 3 4 5 6 7 |  7.3
Summonings     | 1 2 3 4 5 6 7 |  7.3
Necromancy     | 1 2 3 4 5 6 7 |  7.3
Translocations | 1 2 3 4 5 6 7 |  7.3
Fire Magic     | 1 2 3 4 5 6 7 |  7.3
Ice Magic      | 1 2 3 4 5 6 7 |  7.3
Air Magic      | 1 2 3 4 5 6 7 |  7.3
Poison Magic   | 1 2 3 4 5 6 7 |  7.3
Invocations    | 1 2 3 4 5 6 7 |  7.3
Evocations     | 1 2 3 4 5 6 7 |  7.3
Transmutations | 3 4 5 6 7 |  7.8
Dodging        | 5 6 7 8 |  8.7
Stealth        | 5 6 7 8 |  8.5
Earth Magic    | 7 8 9 |  9.8

Action                   |  1- 3 |  4- 6 |  7- 9 | 10-12 || total
-------------------------+-------+-------+-------+-------++-------
Melee: Unarmed           |    21 |       |       |       ||    21
       Dagger            |    51 |    73 |   216 |   281 ||   621
       Bite              |     7 |     8 |    24 |    34 ||    73
       Punch             |     1 |       |     6 |     9 ||    16
       Rapier            |       |       |       |     3 ||     3
 Cast: Sandblast         |    19 |    30 |    81 |    56 ||   186
       Passwall          |     4 |    11 |    11 |    26 ||    52
       Petrify           |       |     6 |    29 |    81 ||   116
       Lee's Rapid Decon |       |     1 |    10 |    23 ||    34
Invok: Curse Item        |       |       |       |     2 ||     2
  Use: Scroll            |       |       |       |    13 ||    13
       Potion            |       |       |       |     1 ||     1
 Stab: Sleeping          |     9 |    12 |    26 |    27 ||    74
       Petrified         |       |    11 |    30 |    62 ||   103
       Petrifying        |       |       |     5 |    18 ||    23
  Eat: Chunk             |     1 |     5 |    16 |    26 ||    48
       Royal jelly       |       |       |     1 |     3 ||     4
       Fruit             |       |       |     1 |       ||     1
Armor: Robe              |     5 |     3 |    16 |    26 ||    50
Dodge: Dodged            |    43 |    57 |   130 |   151 ||   381

Table legend:
 A = Spawn XP
 B = Non-spawn XP
 C = Spawn XP percentage of total XP
 D = Spawn monster count
 E = Non-spawn monster count
 F = Spawn count percentage of total count
 G = Total turns spent on level
                    A         B        C        D         E        F      G
               +---------+---------+-------+---------+---------+-------+---------
         Total |       0 |   26389 |   0.0 |       0 |     337 |   0.0 | 12277
               +---------+---------+-------+---------+---------+-------+---------
           D:1 |       0 |     414 |   0.0 |       0 |      41 |   0.0 |  1061
           D:2 |       0 |      51 |   0.0 |       0 |      18 |   0.0 |   547
           D:3 |       0 |     919 |   0.0 |       0 |      25 |   0.0 |  1459
           D:4 |       0 |     924 |   0.0 |       0 |      36 |   0.0 |  1080
           D:5 |       0 |     477 |   0.0 |       0 |      24 |   0.0 |   814
           D:6 |       0 |    1006 |   0.0 |       0 |      18 |   0.0 |   735
           D:7 |       0 |    2080 |   0.0 |       0 |      15 |   0.0 |   879
           D:8 |       0 |    3395 |   0.0 |       0 |      30 |   0.0 |   581
           D:9 |       0 |    2250 |   0.0 |       0 |      16 |   0.0 |  1220
          D:10 |       0 |    3006 |   0.0 |       0 |      26 |   0.0 |  1094
          D:11 |       0 |    9826 |   0.0 |       0 |      44 |   0.0 |  1811
          D:12 |       0 |    1789 |   0.0 |       0 |      12 |   0.0 |   310
       Ossuary |       0 |     252 |   0.0 |       0 |      32 |   0.0 |   465
               +---------+---------+-------+---------+---------+-------+---------
